 Dungeon Crawl Stone Soup version 0.22-a0-825-ga28c36f (webtiles) character file.

222 Amnesiac the Magician (level 5, -1/35 HPs)
             Began as a Mummy Earth Elementalist on July 24, 2018.
             Slain by a river rat (4 damage)
             ... on level 4 of the Dungeon.
             The game lasted 00:02:16 (904 turns).

Amnesiac the Magician (Mummy Earth Elementalist)     Turns: 904, Time: 00:02:17

Health: -1/35      AC:  2    Str: 12    XL:     5   Next: 66%
Magic:  3/11       EV: 11    Int: 15    God:
Gold:   96         SH:  4    Dex: 12    Spells: 2/12 levels left

rFire    x . .     SeeInvis .   e - +0 war axe (curse)
rCold    + . .     Gourm    .   d - +0 buckler
rNeg     + + +     Faith    .   c - +0 robe
rPois    ∞         Spirit   .   (no helmet)
rElec    .         Reflect  .   (no cloak)
rCorr    .         Harm     .   (no gloves)
MR       .....                  (no boots)
Stlth    +.........             (no amulet)
HPRegen  0.11/turn              (no ring)
MPRegen  0.12/turn              (no ring)

@: very slow
A: no food or potions, fire vulnerability, cold resistance 1, negative energy
resistance 3, torment resistance, unbreathing
a: no special abilities


You were on level 4 of the Dungeon.
You were not hungry.

You visited 1 branch of the dungeon, and saw 4 of its levels.

You collected 96 gold pieces.

Inventory:

Hand Weapons
 e - a cursed +0 war axe (weapon)
 g - a +0 dagger of draining
Missiles
 b - 33 stones (quivered)
Armour
 c - a +0 robe (worn)
 d - a +0 buckler (worn)
Magical Staves
 i - an uncursed staff of earth {unknown}
Scrolls
 a - a scroll of identify {!r}
 f - a scroll of noise {!r}
 h - a scroll of enchant armour {!r}
 j - a scroll of magic mapping {!r}


   Skills:
 - Level 1.5 Dodging
 - Level 1.5 Stealth
 + Level 2.0 Shields
 + Level 4.2 Spellcasting
 - Level 0.7 Transmutations
 * Level 4.2 Earth Magic


You had 2 spell levels left.
You knew the following spells:

 Your Spells              Type           Power        Failure   Level  Hunger
a - Sandblast             Erth           ###...       4%          1    N/A
b - Passwall              Tmut/Erth      ##......     12%         2    N/A
c - Stone Arrow           Conj/Erth      #.....       28%         3    N/A
e - Petrify               Tmut/Erth      ##......     63%         4    N/A

Your spell library contained the following spells:

 Spells                   Type           Power        Failure   Level  Hunger
 Lee's Rapid Deconstruct  Erth           ###.......   73%         5    N/A

Dungeon Overview and Level Annotations

Branches:
Dungeon (4/15)
 Temple: D:4-7

Altars:
Dithmenos
Qazlal

Portals:
Sewer: D:4


Innate Abilities, Weirdness & Mutations

You do not eat or drink.
Your flesh is vulnerable to fire.
You are immune to poison.
Your flesh is cold resistant. (rC+)
You are immune to negative energy. (rN+++)
You are immune to unholy pain and torment.
You can survive without breathing.


Message History

You hit the leopard gecko.
You kill the leopard gecko!
No target in view!
No target in view!
You start resting.
Magic restored.
Casting: Sandblast (safe; 4% risk of failure)
Confirm with . or Enter, or press ? or * to list all spells.
Aiming: Passwall (safe; 12% risk of failure)
Press: ? - help, Dir - move target cursor A rock wall.
You begin to meditate on the wall.
You continue meditating on the rock.
You hear the brisk rusting of a drain.
You continue meditating on the rock. x2
You finish merging with the rock.
Splash!
You fall into the shallow water.
Moving in this stuff is going to be slow.
An adder and a river rat come into view.
Casting: Passwall (safe; 12% risk of failure)
Confirm with . or Enter, or press ? or * to list all spells.
Aiming: Sandblast (safe; 4% risk of failure)
Press: ? - help, Shift-Dir - straight line, f - adder
Aim: an adder (resting)
The blast of sand hits the adder.
The adder is heavily wounded.
The adder hisses angrily.
b - 37 stones You hear an angry hiss.
The adder bites you.
* * * LOW HITPOINT WARNING * * *
Casting: Sandblast (safe; 4% risk of failure)
Confirm with . or Enter, or press ? or * to list all spells.
Aiming: Sandblast (safe; 4% risk of failure)
Press: ? - help, Shift-Dir - straight line, f/p - adder
Aim: an adder (heavily wounded)
The blast of sand hits the adder.
You kill the adder!
b - 36 stones Unknown command.
Casting: Sandblast (safe; 4% risk of failure)
Confirm with . or Enter, or press ? or * to list all spells.
Aiming: Sandblast (safe; 4% risk of failure)
Press: ? - help, Shift-Dir - straight line, f - river rat
Aim: a river rat The blast of sand hits the river rat.
b - 35 stones
Casting: Sandblast (safe; 4% risk of failure)
Confirm with . or Enter, or press ? or * to list all spells.
Aiming: Sandblast (safe; 4% risk of failure)
Press: ? - help, Shift-Dir - straight line, f/p - river rat
Aim: a river rat The blast of sand hits the river rat.
b - 34 stones The river rat bites you.
* * * LOW HITPOINT WARNING * * *
Casting: Sandblast (safe; 4% risk of failure)
Confirm with . or Enter, or press ? or * to list all spells.
Aiming: Sandblast (safe; 4% risk of failure)
Press: ? - help, Shift-Dir - straight line, f/p - river rat
Aim: a river rat The blast of sand hits the river rat.
b - 33 stones The river rat bites you.
You die...

#.........###..
#.#######...... #.#
#####.# #.# #.# #.#
#.. # #.# ######
##≈######≈## #.....
#≈≈≈≈≈≈#≈†≈####
#.#### #≈@#≈≈≈#>.#
#.####
#≈r##≈###.####.##..
#≈≈≈≈#≈#...........#
#≈∩≈≈#≈#.#)####.###.
##≈≈##≈###.# #.####
####≈≈≈##.# #.....
≈≈≈#..#########
#r##.......#
#..#####.# #


You could see a river rat.

Vanquished Creatures
  An ogre (D:4)
  A howler monkey (D:4)
  A centaur skeleton (D:4)
  Jessica (D:2)
  3 adders (D:4)
  A worm (D:3)
  2 leopard geckos (D:4)
  2 bats
  A giant cockroach (D:4)
  2 goblins
  2 hobgoblins (D:2)
  A kobold (D:2)
  A quokka (D:2)
  3 frilled lizards (D:2)
  2 rats (D:2)
24 creatures vanquished.

Notes
Turn   | Place    | Note
-------+----------+-------------------------------------------
     0 | D:1      | Amnesiac the Mummy Earth Elementalist began the quest for the Orb.
     0 | D:1      | Reached XP level 1. HP: 13/13 MP: 4/4
   137 | D:2      | Noticed Jessica
   142 | D:2      | Killed Jessica
   142 | D:2      | Reached XP level 2. HP: 19/19 MP: 3/6
   142 | D:2      | Reached XP level 3. HP: 24/24 MP: 3/7
   146 | D:2      | Learned a level 2 spell: Passwall
   150 | D:2      | Learned a level 3 spell: Stone Arrow
   330 | D:2      | Reached skill level 1 in Shields
   378 | D:2      | Found a shadowy altar of Dithmenos.
   379 | D:2      | Found a stormy altar of Qazlal.
   538 | D:4      | Reached XP level 4. HP: 23/30 MP: 3/9
   562 | D:4      | Learned a level 4 spell: Petrify
   800 | D:4      | Noticed an ogre
   810 | D:4      | Killed an ogre
   810 | D:4      | Reached XP level 5. HP: 11/35 MP: 5/11
   900 | D:4      | Found a glowing drain.
   904 | D:4      | Slain by a river rat

Vault maps used:
D:1:      dpeg_arrival_three_bigger_balls
D:2:      gammafunk_temple_overflow_statue, small_statue_intersection,
          minmay_randomly_rotated_circles, uniq_jessica
D:3:      minmay_door_square, grunt_dithmenos_smoke, uniq_sigmund
D:4:      lemuel_coloured_pillars_altar, lemuel_crystal_altar,
          gup_sewer_entry_bubbles, minmay_misc_feat_more_columns

Skill      XL: |  1  2  3  4  5 |
---------------+----------------+-----
Spellcasting   | 3 4 |  4.2
Earth Magic    | 3 4 |  4.2
Shields        | 1 2 |  2.0
Dodging        | |  1.5
Stealth        | |  1.5
Transmutations | |  0.7

Action                   |  1- 3 |  4- 6 || total
-------------------------+-------+-------++-------
Melee: War axe           |    38 |     6 ||    44
 Cast: Sandblast         |    12 |    23 ||    35
       Passwall          |       |     2 ||     2
  Use: Scroll            |     1 |     2 ||     3
Armor: Robe              |    18 |     1 ||    19
Dodge: Dodged            |    42 |     8 ||    50
Block: Buckler           |    14 |     3 ||    17

Table legend:
 A = Spawn XP
 B = Non-spawn XP
 C = Spawn XP percentage of total XP
 D = Spawn monster count
 E = Non-spawn monster count
 F = Spawn count percentage of total count
 G = Total turns spent on level
                    A         B        C        D         E        F      G
               +---------+---------+-------+---------+---------+-------+---------
         Total |       0 |     318 |   0.0 |       0 |      24 |   0.0 |   904
               +---------+---------+-------+---------+---------+-------+---------
           D:1 |       0 |       4 |   0.0 |       0 |       2 |   0.0 |    66
           D:2 |       0 |      53 |   0.0 |       0 |      12 |   0.0 |   432
           D:3 |       0 |       5 |   0.0 |       0 |       1 |   0.0 |    62
           D:4 |       0 |     256 |   0.0 |       0 |       9 |   0.0 |   344
               +---------+---------+-------+---------+---------+-------+---------
